 Dungeon Crawl Stone Soup version 0.20.1-1-g8b1a95d (webtiles) character file.

262 robertstho the Chopper (level 5, -2/48 HPs)
             Began as a Minotaur Berserker on Aug 4, 2017.
             Was a Believer of Trog.
             Slain by a gnoll
             ... wielding a +0 flail
              (5 damage)
             ... on level 4 of the Dungeon.
             The game lasted 00:04:59 (1566 turns).

robertstho the Chopper (Minotaur Berserker)         Turns: 1566, Time: 00:05:00

Health: -2/48      AC: 12    Str: 22    XL:     5   Next: 97%
Magic:  4/4        EV:  7    Int:  5    God:    Trog [**....]
Gold:   191        SH:  0    Dex:  9    Spells: 4/4 levels left

rFire    . . .     SeeInvis .   a - +0 hand axe
rCold    . . .     Gourm    .   (no shield)
rNeg     . . .     Faith    .   t - +0 plate armour
rPois    .         Spirit   .   (helmet restricted)
rElec    .         Reflect  .   (no cloak)
rCorr    .         Harm     .   (no gloves)
MR       .....                  (no boots)
Stlth    ..........             (no amulet)
Regen    0.2/turn               b - +1 ring of protection
MPRegen  0.1/turn               (no ring)

@: berserk cooldown, slowed, very slow
A: retaliatory headbutt, horns 2
a: Berserk, Trog's Hand, Burn Spellbooks, Renounce Religion


You were on level 4 of the Dungeon.
You worshipped Trog.
Trog was pleased with you.
You were not hungry.

You visited 1 branch of the dungeon, and saw 4 of its levels.

You collected 191 gold pieces.

Inventory:

Hand Weapons
 a - a +0 hand axe (weapon)
Armour
 t - a +0 plate armour (worn)
Jewellery
 b - a +1 ring of protection (left hand)
Wands
 v - a wand of polymorph (10/24)
Scrolls
 d - 5 scrolls of identify {unknown}
 e - 3 scrolls of fog {unknown}
 f - 2 scrolls of remove curse {unknown}
 g - a scroll of noise {unknown}
 k - a scroll of blinking {unknown}
 l - a scroll of random uselessness {unknown}
 n - a scroll of enchant armour {unknown}
 o - a scroll of magic mapping {unknown}
 p - a scroll of enchant weapon {unknown}
 q - 2 scrolls of teleportation {unknown}
 r - a scroll of immolation {unknown}
Potions
 h - a potion of resistance {unknown}
 u - a potion of lignification {unknown}
Comestibles
 c - 3 bread rations
 j - 2 meat rations
 m - a royal jelly
 s - 4 fruits
 w - 2 chunks of flesh


   Skills:
 + Level 5.3 Fighting
 + Level 5.9 Axes
 + Level 3.9 Armour
 + Level 2.9 Dodging
 + Level 0.1 Stealth


You had 4 spell levels left.
You didn't know any spells.

Dungeon Overview and Level Annotations

Branches:
Dungeon (4/15)
 Temple: D:4-7

Altars:
Fedhas


Innate Abilities, Weirdness & Mutations

You reflexively headbutt those who attack you in melee.
You have a pair of horns on your head.


Message History

The orc priest miscasts a cantrip.
The gnoll barely misses you.
The gnoll hits you from afar with a spear.
The gnoll sergeant hits you from afar with a spear of piercing.
The gnoll hits you but does no damage. The gnoll hits you with a flail.
* * * LOW HITPOINT WARNING * * *
The gnoll hits you but does no damage.
You feel better.
The gnoll sergeant hits you but does no damage.
The gnoll hits you but does no damage. x2; The gnoll hits you with a flail.
Eat one of 3 chunks of flesh? (ye/n/q)
You eat one of the 3 chunks of flesh.
This raw flesh tastes terrible.
Your skin stops crawling.
You feel less resistant to hostile enchantments.
The gnoll sergeant hits you but does no damage.
The orc priest invokes the aid of Beogh against you.
Beogh smites you!
* * * LOW HITPOINT WARNING * * *
The gnoll hits you but does no damage. x2; The gnoll hits you with a flail.
You die... ..+ ''##### gg.....

g...... .....g. .g...
####### ##gg##
#.....#######ggg.#
#.....'))))@gggg.+
#.....#######go..#
#############'o''###########
........................
≈≈≈≈≈≈≈≈≈....≈≈≈≈≈≈≈≈≈≈≈
≈≈≈≈≈≈≈≈≈....≈≈≈≈≈≈≈≈≈≈≈
≈≈≈≈≈≈≈)≈....≈≈≈≈≈≈≈≈≈≈≈
........................
########.#.###........<.


You could see a gnoll sergeant, an orc priest, 10 gnolls and an orc.

Vanquished Creatures
  2 gnoll shamans (D:4)
  A hound skeleton (D:4)
  12 gnolls (D:4)
  2 adders (D:2)
  An ooze (D:2)
  2 worms
  2 dart slugs
  4 orcs (D:3)
  A giant cockroach (D:3)
  6 goblins
  3 hobgoblins
  4 jackals (D:4)
  A quokka (D:4)
  3 bats
  3 frilled lizards
  3 kobolds
  4 rats
54 creatures vanquished.

Notes
Turn   | Place    | Note
-------+----------+-------------------------------------------
     0 | D:1      | robertstho the Minotaur Berserker began the quest for the Orb.
     0 | D:1      | Reached XP level 1. HP: 19/19 MP: 0/0
   126 | D:1      | Reached XP level 2. HP: 23/27 MP: 1/1
   502 | D:2      | Found a blossoming altar of Fedhas.
   671 | D:2      | Reached XP level 3. HP: 27/33 MP: 2/2
  1189 | D:3      | Reached ** piety under Trog
  1298 | D:3      | You fall through a shaft!
  1309 | D:4      | Reached XP level 4. HP: 36/41 MP: 3/3
  1471 | D:4      | Reached skill level 5 in Axes
  1475 | D:4      | Reached XP level 5. HP: 47/47 MP: 4/4
  1537 | D:4      | Reached skill level 5 in Fighting
  1566 | D:4      | Slain by a gnoll

Skill      XL: |  1  2  3  4  5 |
---------------+----------------+-----
Axes           | 4 5 |  5.9
Fighting       | 4 5 |  5.3
Armour         | 3 |  3.9
Dodging        | |  2.9
Stealth        | |  0.1

Action                   |  1- 3 |  4- 6 || total
-------------------------+-------+-------++-------
Melee: Hand axe          |    86 |    51 ||   137
       Headbutt          |    20 |    12 ||    32
Invok: Berserk           |       |     3 ||     3
       Trog's Hand       |       |     1 ||     1
  Use: Potion            |       |     2 ||     2
  Eat: Fruit             |     1 |       ||     1
       Chunk             |       |     4 ||     4
Armor: Scale mail        |     8 |       ||     8
       Plate armour      |    31 |    52 ||    83
Dodge: Dodged            |    40 |    38 ||    78
